AoeStats
← StarKiller

Lombardia

510231016Analyzed
2v2 RM · 12h ago on Sep 30, 2026· 95m 9s· 4 players
Game mode
Random Map
Map size
Medium (4 player)
Population
200
Speed
Normal
Resources
Standard
Victory
Conquest
Starting age
Dark Age
Ending age
Imperial Age
RankedLock teamsTeams togetherTeam positionsShared explorationLock speedFull tech treeHidden civsTurbo modeCheats
Victory
Defeat
🇦🇷 Varangians · Argentina
754
+9
🇵🇪 Persians · Peru
717
+11
🇲🇽 Byzantines · Mexico
604
-10
🇨🇴 Romans · Colombia
596
-10
StarKiller
1:17 Loom
11:19 Feudal Age
15:33 Double-Bit Axe
15:32 Horse Collar
18:56 Wheelbarrow
23:39 Castle Age
21:33 Gold Mining
22:01 Stone Mining
22:20 Fletching
23:34 Bloodlines
23:58 Scale Barding Armor
24:53 Forging
26:46 Heavy Plow
33:15 Imperial Age
30:38 Light Cavalry
32:55 Husbandry
33:32 Bow Saw
33:37 Bodkin Arrow
34:03 Town Watch
36:25 Iron Casting
38:07 Blast Furnace
37:25 Caravan
38:19 Hand Cart
39:26 Chain Barding Armor
39:30 Conscription
39:10 Hussar
41:01 Plate Barding Armor
41:50 Gold Shaft Mining
42:00 Cavalier
43:54 Kamandaran
43:19 Crossbowman
44:05 Thumb Ring
44:31 Padded Archer Armor
46:20 Elite War Elephant
47:20 Leather Archer Armor
48:46 Ballistics
49:26 Chemistry
49:03 Ring Archer Armor
49:45 Two-Man Saw
48:51 Heavy Plow
54:51 Town Patrol
59:50 Masonry
59:36 Murder Holes
62:39 Savar
63:46 Devotion
65:59 Architecture
66:05 Crop Rotation
68:58 Faith
75:06 Elite Skirmisher
78:16 Hoardings
77:54 Citadels
77:26 Onager
79:35 Heavy Scorpion
79:39 Capped Ram
80:32 Siege Ram
81:32 Guard Tower
81:53 Scale Mail Armor
81:16 Pikeman
81:57 Squires
81:42 Arson
81:43 Gambesons
81:19 Man-at-Arms
85:47 Halberdier
86:48 Chain Mail Armor
ViejitaX
5:23 Loom
12:18 Feudal Age
17:24 Castle Age
18:42 Double-Bit Axe
18:40 Horse Collar
21:37 Arson
21:56 Squires
22:08 Forging
21:59 Scale Mail Armor
23:28 Bow Saw
31:50 Iron Casting
31:31 Chain Mail Armor
32:04 Gold Mining
35:25 Imperial Age
34:55 Heavy Plow
38:04 Two-Man Saw
38:16 Caravan
39:00 Crop Rotation
38:26 Stone Mining
39:57 Blast Furnace
39:23 Conscription
40:08 Husbandry
39:37 Cavalier
40:25 Scale Barding Armor
41:32 Wheelbarrow
41:22 Elite Varangian Guard
43:38 Hand Cart
44:53 Chain Barding Armor
44:25 Fletching
46:23 Plate Barding Armor
52:21 Stone Shaft Mining
51:20 Pikeman
52:35 Plate Mail Armor
52:00 Bodkin Arrow
52:04 Murder Holes
52:30 Ballistics
52:06 Gothikon
52:20 Capped Ram
53:34 Town Watch
53:52 Bracer
57:06 Bloodlines
56:17 Light Cavalry
58:37 Vendel Legacy
60:58 Hussar
68:08 Halberdier
79:16 Siege Ram
83:02 Chemistry
JxRawII
12:58 Feudal Age
18:34 Castle Age
17:22 Bloodlines
18:44 Double-Bit Axe
20:04 Wheelbarrow
19:26 Horse Collar
23:34 Forging
25:19 Scale Mail Armor
25:26 Scale Barding Armor
26:28 Man-at-Arms
28:16 Long Swordsman
33:09 Fletching
33:20 Padded Archer Armor
33:39 Chain Mail Armor
34:04 Iron Casting
34:04 Squires
34:09 Husbandry
34:41 Chain Barding Armor
38:44 Imperial Age
38:39 Heavy Plow
38:53 Bow Saw
39:19 Legionary
42:52 Ballistics
43:34 Chemistry
42:31 Murder Holes
42:47 Masonry
42:45 Bodkin Arrow
44:01 Ballistas
45:30 Comitatenses
45:40 Gold Mining
45:42 Stone Mining
47:42 Blast Furnace
49:21 Gold Shaft Mining
49:01 Heavy Scorpion
49:05 Elite Centurion
51:07 Leather Archer Armor
53:59 Ring Archer Armor
54:06 Plate Barding Armor
53:04 Cavalier
55:05 Caravan
55:36 Coinage
58:22 Conscription
59:41 Banking
60:20 Siege Engineers
60:15 Herbal Medicine
60:59 Heavy Cavalry Archer
73:39 Hand Cart
74:50 Pikeman
77:59 Halberdier
lonshoRoginegro
8:10 Loom
12:30 Feudal Age
15:27 Wheelbarrow
14:41 Double-Bit Axe
14:48 Gold Mining
17:57 Horse Collar
26:27 Castle Age
26:07 Arson
26:38 Forging
26:28 Scale Mail Armor
26:18 Fletching
26:28 Padded Archer Armor
27:17 Caravan
31:23 Iron Casting
31:03 Chain Mail Armor
30:43 Bodkin Arrow
31:03 Leather Archer Armor
31:01 Squires
30:46 Gambesons
33:16 Gold Shaft Mining
33:43 Stone Mining
39:46 Imperial Age
37:37 Bow Saw
40:04 Elite Varangian Guard
40:57 Thumb Ring
43:21 Chemistry
44:33 Ballistics
44:27 Fortified Wall
46:15 Logistica
46:09 Arrowslits
51:19 Guard Tower
52:10 Sanctity
52:10 Fervor
58:54 Plate Mail Armor
58:54 Ring Archer Armor
59:18 Bracer
59:48 Ring Archer Armor
82:19 Elite Skirmisher
85:49 Pikeman
87:25 Hand Cart
89:38 Halberdier
Connection lost

Rejoining the realm…

Still unreachable

The connection could not be restored.

Session expired

The server has moved on; the page needs a fresh start.